 Dungeon Crawl Stone Soup version 0.22.1-5-g62c59d9 (webtiles) character file.

1737 infcreate the Thaumaturge (level 8, -1/41 HPs)
             Began as a Deep Elf Conjurer on Jan 14, 2019.
             Was an Initiate of Sif Muna.
             Slain by Kairos's ghost (16 damage)
             ... on level 5 of the Dungeon.
             The game lasted 00:35:22 (6615 turns).

infcreate the Thaumaturge (Deep Elf Conjurer)       Turns: 6615, Time: 00:35:22

Health: -1/41      AC:  3    Str:  8    XL:     8   Next: 76%
Magic:  7/24       EV: 14    Int: 28    God:    Sif Muna [......]
Gold:   391        SH:  0    Dex: 15    Spells: 9/27 levels left

rFire    + + .     SeeInvis .   o - staff of energy
rCold    x . .     Gourm    .   (no shield)
rNeg     . . .     Faith    .   a - +1 robe
rPois    .         Spirit   .   (no helmet)
rElec    +         Reflect  .   (no cloak)
rCorr    .         Harm     .   (no gloves)
MR       .....                  (no boots)
Stlth    +++.......             (no amulet)
HPRegen  0.13/turn              i - ring of protection from fire
MPRegen  0.19/turn              r - ring of Starshine {Fire rElec Str+3}

@: brilliant
A: no striking features
a: Renounce Religion


You were on level 5 of the Dungeon.
You worshipped Sif Muna.
Sif Muna was noncommittal.
You were not hungry.

You visited 2 branches of the dungeon, and saw 6 of its levels.

You collected 391 gold pieces.

Inventory:

Armour
 a - a +1 robe (worn)
Magical Staves
 o - an uncursed staff of energy (weapon)
Jewellery
 d - an uncursed amulet of magic regeneration {unknown}
 i - a ring of protection from fire (left hand)
 r - the ring of Starshine (right hand) {Fire rElec Str+3}
   (You found it on level 4 of the Dungeon)

   [ring of fire]

   It enhances your fire magic.
   It affects your strength (+3).
   It protects you from fire.
   It makes you vulnerable to cold.
   It insulates you from electricity.
Wands
 v - a wand of clouds (6)
Scrolls
 e - a scroll of remove curse
 j - a scroll of amnesia
 k - a scroll of enchant armour
 p - 2 scrolls of immolation {unknown}
 s - 3 scrolls of identify
 t - a scroll of fog {unknown}
 u - a scroll of magic mapping {unknown}
 w - a scroll of teleportation
Potions
 b - 3 potions of curing {unknown}
 f - 2 potions of berserk rage
 g - a potion of brilliance
 h - 2 potions of agility
 l - 2 potions of haste {unknown}
 m - a potion of degeneration {unknown}
 n - a potion of mutation {unknown}
 q - a potion of might {unknown}
Comestibles
 c - 12 rations


   Skills:
 + Level 3.7 Dodging
 + Level 4.5 Stealth
 + Level 10.0 Spellcasting
 + Level 9.4 Conjurations


You had 9 spell levels left.
You knew the following spells:

 Your Spells              Type           Power        Failure   Level  Hunger
a - Magic Dart            Conj           ####         1%          1    None
b - Searing Ray           Conj           ######       1%          2    None
c - Dazzling Spray        Conj/Hex       ######       1%          3    None
d - Iskenderun's Mystic   Conj           ######..     1%          4    None
e - Force Lance           Conj/Tloc      ######..     1%          4    None
f - Fulminant Prism       Conj/Hex       ######....   1%          4    None

Your spell library contained the following spells:

 Spells                   Type           Power        Failure   Level  Hunger


Dungeon Overview and Level Annotations

Branches:
Dungeon (5/15)             Temple (1/1) D:5

Altars:
Ashenzari
Cheibriados
Dithmenos
Elyvilon
Fedhas
Hepliaklqana
Makhleb
Nemelex Xobeh
Okawaru
Qazlal
Ru
Sif Muna
Trog
Uskayaw
Wu Jian
Xom
Yredelemnul
The Shining One

Annotations:
D:5 Kairos's ghost, novice VSFi


Message History

The searing ray hits Kairos's ghost.
Kairos's ghost is heavily damaged.
Kairos's ghost hits you!
The searing ray hits Kairos's ghost.
Kairos's ghost is heavily damaged.
Kairos's ghost mumbles, "They all look like pillowcases to me..."
Kairos's ghost hits you!
The searing ray hits Kairos's ghost.
Kairos's ghost is severely damaged.
You finish channeling your searing ray.
Kairos's ghost hits you!
Casting: Searing Ray (safe; 1% risk of failure)
Confirm with . or Enter, or press ? or * to list all spells.
Aiming: Searing Ray (safe; 1% risk of failure)
Press: ? - help, Shift-Dir - straight line, f/p - Kairos's ghost
Aim: Kairos's ghost (severely damaged)
The searing ray hits Kairos's ghost.
Kairos's ghost is almost destroyed. (Press . to maintain the ray.) Kairos's ghost hits you!
You die...

............##....##############
............##..................
...####+#....#..################
#..........=.#.###.≈###........
#......##....#..#..#.##........#
#.........####..#.8..##........#
.........####..'...$.#........#
###........#..W.#≈≈##........#
######.....##.#.@#≈....#........#
.................#...###........#
.....#.....##.#..#≈##.##........#
..............#..#######........#
.........####.#..#....##........#
..............#..##.............#
.........####.#..................
....#....# #.##.##........######
....##.#.####.##.##........#


You could see Kairos's ghost.

Vanquished Creatures
  Pikel (D:5)
  2 sky beasts (D:5)
  A phantom (D:5)
  6 big kobolds (D:3)
  A howler monkey (D:5)
  A crimson imp (D:5)
  A jelly (D:5)
  2 orc priests (D:3)
  3 hounds
  An orc wizard (D:4)
  A centaur skeleton (D:4)
  Ijyb (D:3)
  3 worker ants
  2 gnolls (D:5)
  4 adders
  An ooze (D:1)
  A worm (D:3)
  A dart slug (D:1)
  4 leopard geckos
  16 orcs
  2 ball pythons
  6 bats
  4 giant cockroaches
  6 goblins
  9 hobgoblins
  38 kobolds
  A quokka (D:5)
  4 frilled lizards
  4 rats
127 creatures vanquished.

Vanquished Creatures (others)
  2 slaves (D:5)
  A centaur (D:5)
  An orc priest (D:5)
  An orc wizard (D:5)
  A gnoll (D:5)
  A worm (D:5)
  A frilled lizard (D:5)
  4 toadstools (D:1)
12 creatures vanquished.

Grand Total: 139 creatures vanquished

Notes
Turn   | Place    | Note
-------+----------+-------------------------------------------
     0 | D:1      | infcreate the Deep Elf Conjurer began the quest for the
                  | Orb.
     0 | D:1      | Reached XP level 1. HP: 10/10 MP: 6/6
   232 | D:1      | Reached XP level 2. HP: 15/15 MP: 6/8
   242 | D:1      | Learned a level 2 spell: Searing Ray
   477 | D:1      | Reached skill level 5 in Conjurations
   597 | D:1      | Reached XP level 3. HP: 19/19 MP: 4/9
   985 | D:2      | Found a glowing golden altar of the Shining One.
  1868 | D:3      | Reached XP level 4. HP: 24/24 MP: 6/11
  2058 | D:2      | Learned a level 3 spell: Dazzling Spray
  2063 | D:2      | Learned a level 4 spell: Iskenderun's Mystic Blast
  2069 | D:3      | Reached skill level 4 in Spellcasting
  2247 | D:3      | Noticed Ijyb
  2546 | D:3      | Killed Ijyb
  2814 | D:3      | Noticed a big kobold
  2867 | D:3      | Killed a big kobold
  2867 | D:3      | Reached skill level 5 in Spellcasting
  2867 | D:3      | Reached XP level 5. HP: 25/28 MP: 0/14
  2980 | D:3      | Reached XP level 6. HP: 32/32 MP: 5/16
  3114 | D:3      | Reached skill level 6 in Spellcasting
  3603 | D:3      | Reached XP level 7. HP: 27/36 MP: 2/18
  4013 | D:3      | Reached skill level 7 in Spellcasting
  4347 | D:4      | Learned a level 4 spell: Force Lance
  4352 | D:4      | Learned a level 4 spell: Fulminant Prism
  4678 | D:4      | Got a scintillating golden ring
  4682 | D:4      | Identified the ring of Starshine {Fire rElec Str+3} (You
                  | found it on level 4 of the Dungeon)
  5117 | D:5      | Entered Level 5 of the Dungeon
  5128 | D:5      | Reached skill level 8 in Spellcasting
  5376 | D:5      | Noticed Pikel
  5382 | D:5      | Killed Pikel
  5382 | D:5      | Reached skill level 9 in Spellcasting
  5382 | D:5      | Reached XP level 8. HP: 41/41 MP: 8/23
  5582 | D:5      | Found a burning altar of Makhleb.
  5966 | D:5      | Found a large runed door.
  5966 | D:5      | Found a large runed door.
  5969 | D:5      | Noticed Kairos's ghost (novice VSFi)
  5984 | D:5      | Found a staircase to the Ecumenical Temple.
  6038 | Temple   | Entered the Ecumenical Temple
  6219 | Temple   | Became a worshipper of Sif Muna the Loreminder
  6450 | D:5      | Reached skill level 10 in Spellcasting
  6615 | D:5      | Slain by Kairos's ghost

Skill      XL: |  1  2  3  4  5  6  7  8 |
---------------+-------------------------+-----
Conjurations   | 5 6 9 |  9.4
Stealth        | 3 4 |  4.5
Spellcasting   | 5 6 9 10 | 10.0
Dodging        | 3 |  3.7

Action                   |  1- 3 |  4- 6 |  7- 9 || total
-------------------------+-------+-------+-------++-------
 Cast: Magic Dart        |    81 |    49 |    61 ||   191
       Searing Ray       |     2 |     9 |    24 ||    35
       Dazzling Spray    |       |     4 |     2 ||     6
       Iskenderun's Myst |       |     9 |    16 ||    25
       Force Lance       |       |       |     2 ||     2
  Use: Scroll            |     1 |       |     4 ||     5
       Potion            |       |       |     1 ||     1
  Eat: Chunk             |     3 |     3 |     7 ||    13
       Ration            |       |     1 |     1 ||     2
Armor: Robe              |       |     3 |     6 ||     9
Dodge: Dodged            |     5 |    13 |    21 ||    39
